 Dungeon Crawl Stone Soup version 0.28.0-53-g5a82cb258f (webtiles) character file.

Game seed: 4755576282183475133

30 Sin92 the Skirmisher (level 3, -1/29 HPs)
             Began as a Demonspawn Fighter on June 23, 2022.
             Succumbed to a gnoll's poison
             ... on level 2 of the Dungeon.
             The game lasted 00:01:57 (1299 turns).

Sin92 the Skirmisher (Demonspawn Fighter)           Turns: 1299, Time: 00:01:57

Health: -1/29      AC:  6    Str: 18    XL:     3   Next: 5%
Magic:  3/3        EV:  9    Int:  9    God:
Gold:   64         SH:  4    Dex: 12    Spells: 2/2 levels left

rFire   . . .      SeeInvis .   a - +0 war axe
rCold   . . .      Faith    .   c - +0 buckler
rNeg    . . .      Spirit   .   b - +0 scale mail
rPois   .          Reflect  .   (no helmet)
rElec   .          Harm     .   (no cloak)
rCorr   .          Rampage  .   (no gloves)
Will    .....                   (no boots)
Stlth   ..........              (no amulet)
HPRegen 0.09/turn               (no ring)
MPRegen 0.08/turn               (no ring)

@: mighty, lethally poisoned (-1 -> -14)
A: demonic magic 1
a: no special abilities


You were on level 2 of the Dungeon.
You visited 1 branch of the dungeon, and saw 2 of its levels.

You collected 64 gold pieces.

Inventory:

Hand Weapons
 a - a +0 war axe (weapon)
Armour
 b - a +0 scale mail (worn)
 c - a +0 buckler (worn)
Scrolls
 e - 2 scrolls of amnesia {unknown}
 f - a scroll of blinking {unknown}
 g - a scroll of teleportation {unknown}


   Skills:
 + Level 3.2 Fighting
 * Level 2.3 Axes
 + Level 2.9 Armour
 + Level 0.8 Dodging
 + Level 2.9 Shields


You had 2 spell levels left.
You didn't know any spells.
Your spell library was empty.

Dungeon Overview and Level Annotations

Branches:
Dungeon (2/15)

Altars:


Innate Abilities, Weirdness & Mutations

Spells you cast may paralyse adjacent enemies.


Message History

The gnoll is wielding a +1 spear of venom.
The kobold shouts!
The gnoll shouts!
You hear a shout!
The kobold moves out of view.
Things that are here:
a +0 club; a goblin corpse The kobold closely misses you.
There are monsters nearby!
You hit the kobold.
The kobold is moderately wounded.
A gnoll comes into view. It is wielding a +0 spear.
The gnoll hits you but does no damage.
You are poisoned.
The kobold hits you but does no damage.
There are monsters nearby!
You miss the kobold.
The kobold is moderately wounded.
You feel very sick.
A ball python comes into view.
The gnoll misses you. The kobold hits you but does no damage.
The gnoll hits you from afar with a +1 spear of venom!
You are lethally poisoned!
There is a lethal amount of poison in your body!
You closely miss the kobold.
The kobold is moderately wounded.
You feel very sick.
The ball python hisses angrily.
The kobold hits you with a +0 club. The gnoll barely misses you.
You block the gnoll's attack. The kobold hits you but does no damage.
Unknown command.
There is a lethal amount of poison in your body!
You are too injured to fight recklessly!
You feel very mighty all of a sudden.
* * * LOW HITPOINT WARNING * * *
You feel very sick.
The gnoll hits you from afar with a +0 spear.
* * * LOW HITPOINT WARNING * * *
The gnoll hits you from afar with a +1 spear of venom.
* * * LOW HITPOINT WARNING * * *
The kobold hits you but does no damage.
You die...

# #.# # #.# # ##.## #
##########...## #
#.............# #
#.########....# # ##.##
##.#.# # #
###.<.########.#)##g#....
.....)..........@.Kg..#
###...########.########
.....## #.# ###### #.)
###


You could see 2 gnolls and a kobold.

Vanquished Creatures
  A dart slug (D:1)
  A bat (D:1)
  3 endoplasms
  2 goblins
  3 hobgoblins
  5 kobolds (D:1)
  2 quokkas (D:1)
  3 ball pythons (D:1)
  A frilled lizard (D:1)
  4 rats (D:1)
25 creatures vanquished.

Notes
Turn   | Place    | Note
-------+----------+-------------------------------------------
     0 | D:1      | Sin92 the Demonspawn Fighter began the quest for the Orb.
     0 | D:1      | Reached XP level 1. HP: 18/18 MP: 1/1
   336 | D:1      | Gained mutation: Spells you cast may paralyse adjacent
                  | enemies. [demonic ancestry]
   336 | D:1      | Reached XP level 2. HP: 19/24 MP: 2/2
  1290 | D:2      | Reached XP level 3. HP: 29/29 MP: 3/3
  1299 | D:2      | Succumbed to a gnoll's poison

Illustrated notes

Levels and vault maps discovered:
D:1:      lemuel_arrival_hallway, layout_basic, serial_rivers,
          chequers_serial_rivers_micro_a, chequers_serial_rivers_room_b,
          chequers_serial_rivers_small_b, chequers_serial_rivers_large_a,
          chequers_serial_rivers_small_b, chequers_serial_rivers_room_b
D:2:      layout_loops_ring, ebering_ecumenical_altar_sacrificial,
          chequers_serial_rivers_large_b

Skill      XL: |  1 |
---------------+----+-----
Axes           | 2 |  2.3
Fighting       | |  3.2
Armour         | |  2.9
Dodging        | |  0.8
Shields        | |  2.9

Action                   || total
-------------------------++-------
Melee: War axe           ||    75
  Use: Potion            ||     1
Armor: Scale mail        ||    42
Dodge: Dodged            ||    38
Block: Buckler           ||    12
